| TOP OF THE 1ST |
|
West Michigan Whitecaps batting - Pitching for Cedar Rapids Kernels : RHP Felix Perez
|
|
Pitching: RHP Felix Perez
|
|
|
Batting: RHB Janne Vihko
|
0-0: SINGLE (Line Drive, 3D, EV 94.4 MPH)
|
|
Batting: RHB Tanner Purchase
|
0-0: Ball Janne Vihko steals 2nd base 1-0: Called Strike Janne Vihko steals 3rd base 1-1: Foul Ball, location: 2F 1-2: Fly out, F8 (Flyball, 8RM, EV 87.5 MPH)
|
|
Batting: RHB Ernst Meloche
|
0-0: Swinging Strike 0-1: SINGLE (Line Drive, 4D, EV 97.5 MPH) Janne Vihko scores
|
|
Batting: LHB Jamie Christian
|
0-0: Fielders Choice at 2nd, 5-4 (Groundball, 56S, EV 88.8 MPH)
|
|
Batting: RHB Joel Miller
|
0-0: Ball 1-0: Ball 2-0: Foul Ball, location: 2F 2-1: Foul Ball, location: 2F 2-2: Foul Ball, location: 2F 2-2: Foul Ball, location: 2F Balk! Jamie Christian to second 2-2: Ground out 6-3 (Groundball, 6, EV 80.0 MPH)
|
| Top of the 1st over - 1 run, 2 hits, 0 errors, 1 left on base; West Michigan 1 - Cedar Rapids 0 |
| BOTTOM OF THE 1ST |
|
Cedar Rapids Kernels batting - Pitching for West Michigan Whitecaps : RHP Jorge Castaneda
|
|
Pitching: RHP Jorge Castaneda
|
|
|
Batting: RHB Tim Carter
|
0-0: Ball 1-0: Foul Ball, location: 2F 1-1: Foul Ball, location: 2F 1-2: Foul Ball, location: 2F 1-2: Ground out 5-3 (Groundball, 5S, EV 70.6 MPH)
|
|
Batting: RHB Kevin Harris
|
0-0: Swinging Strike 0-1: TRIPLE (Flyball, 89XD, EV 93.8 MPH)
|
|
Batting: LHB Tomas Espino
|
0-0: Ball 1-0: Swinging Strike 1-1: Ball 2-1: Ground out 1-3 (Groundball, 15, EV 64.4 MPH)
|
|
Batting: RHB Mike Buchanan
|
0-0: Swinging Strike 0-1: Ball 1-1: Foul Ball, location: 2F 1-2: Foul Ball, location: 2F 1-2: Ball Wild Pitch! Kevin Harris scores 2-2: Ball 3-2: Fly out, F8 (Flyball, 8RD, EV 89.4 MPH)
|
| Bottom of the 1st over - 1 run, 1 hit, 0 errors, 0 left on base; West Michigan 1 - Cedar Rapids 1 |
| TOP OF THE 2ND |
|
West Michigan Whitecaps batting - Pitching for Cedar Rapids Kernels : RHP Felix Perez
|
|
Batting: RHB Norm Wood
|
0-0: Called Strike 0-1: Foul Ball, location: 2F 0-2: Ball 1-2: Ball 2-2: Strikes out swinging
|
|
Batting: RHB Keith Hoffman
|
0-0: Called Strike 0-1: Ball 1-1: Foul Ball, location: 2F 1-2: Ball 2-2: Foul Ball, location: 2F 2-2: Ground out 3-1 (Groundball, 34, EV 105.6 MPH)
|
|
Batting: SHB Chris Wagler
|
0-0: Ball 1-0: Called Strike 1-1: Ball 2-1: Called Strike 2-2: Strikes out swinging
|
| Top of the 2nd over - 0 runs, 0 hits, 0 errors, 0 left on base; West Michigan 1 - Cedar Rapids 1 |
| BOTTOM OF THE 2ND |
|
Cedar Rapids Kernels batting - Pitching for West Michigan Whitecaps : RHP Jorge Castaneda
|
|
Batting: SHB Chris Hull
|
0-0: Foul Ball, location: 2F 0-1: Ball 1-1: Ball 2-1: Foul Ball, location: 2F 2-2: Ball 3-2: Strikes out looking
|
|
Batting: RHB Ruben Serrata
|
0-0: Called Strike 0-1: Foul Ball, location: 2F 0-2: Reached on error, E5 (Groundball, 56, EV 82.5 MPH)
|
|
Batting: RHB Steve Terrell
|
0-0: Ball Ruben Serrata steals 2nd base 1-0: Called Strike 1-1: Called Strike 1-2: Fly out, F8 (Flyball, 89D, EV 91.9 MPH) Runner from 2nd tags up, SAFE at 3rd, no throw by CF
|
|
Batting: RHB Jose Gracia
|
0-0: Ball 1-0: Fly out, F7 (Flyball, 78S, EV 71.9 MPH)
|
| Bottom of the 2nd over - 0 runs, 0 hits, 1 error, 1 left on base; West Michigan 1 - Cedar Rapids 1 |
| TOP OF THE 3RD |
|
West Michigan Whitecaps batting - Pitching for Cedar Rapids Kernels : RHP Felix Perez
|
|
Batting: LHB Nick Nino
|
0-0: Ball 1-0: Bunted foul 1-1: Called Strike 1-2: Ball 2-2: Foul Ball, location: 2F 2-2: Ball 3-2: Ground out 5-3 (Groundball, 56, EV 97.5 MPH)
|
|
Batting: RHB Janne Vihko
|
0-0: Fly out, F7 (Flyball, 78S, EV 94.4 MPH)
|
|
Batting: RHB Tanner Purchase
|
0-0: Foul Ball, location: 2F 0-1: Ball 1-1: Called Strike 1-2: Foul Ball, location: 2F 1-2: Strikes out swinging
|
| Top of the 3rd over - 0 runs, 0 hits, 0 errors, 0 left on base; West Michigan 1 - Cedar Rapids 1 |
| BOTTOM OF THE 3RD |
|
Cedar Rapids Kernels batting - Pitching for West Michigan Whitecaps : RHP Jorge Castaneda
|
|
Batting: RHB Jeremy Witt
|
0-0: Called Strike 0-1: Called Strike 0-2: Strikes out looking
|
|
Batting: RHB Tim Carter
|
0-0: Ball 1-0: Ball 2-0: Called Strike 2-1: Foul Ball, location: 2F 2-2: Ball 3-2: Foul Ball, location: 2F 3-2: Foul Ball, location: 2F 3-2: Strikes out swinging
|
|
Batting: RHB Kevin Harris
|
0-0: Ground out 3-1 (Groundball, 34, EV 104.4 MPH)
|
| Bottom of the 3rd over - 0 runs, 0 hits, 0 errors, 0 left on base; West Michigan 1 - Cedar Rapids 1 |
| TOP OF THE 4TH |
|
West Michigan Whitecaps batting - Pitching for Cedar Rapids Kernels : RHP Felix Perez
|
|
Batting: RHB Ernst Meloche
|
0-0: Called Strike 0-1: Ball 1-1: Ball 2-1: Foul Ball, location: 2F 2-2: Ground out 4-3 (Groundball, 4, EV 93.8 MPH)
|
|
Batting: LHB Jamie Christian
|
0-0: Ball 1-0: SINGLE (Flyball, 3D, EV 87.5 MPH)
|
|
Batting: RHB Joel Miller
|
0-0: Ball 1-0: Ball 2-0: Called Strike 2-1: Single, Error in OF, E7, batter to second base (Groundball, 56D, EV 94.4 MPH) Jamie Christian to third
|
|
Batting: RHB Norm Wood
|
0-0: Called Strike 0-1: Foul Ball, location: 2F 0-2: Ball 1-2: Ball 2-2: SINGLE (Groundball, 56D, EV 106.2 MPH) Jamie Christian scores Joel Miller to third
|
|
Batting: RHB Keith Hoffman
|
0-0: Ball 1-0: Foul Ball, location: 2F 1-1: Swinging Strike 1-2: Ball 2-2: Reached on error, E6 (Groundball, 6, EV 105.0 MPH) Joel Miller scores Norm Wood to second
|
|
Batting: SHB Chris Wagler
|
0-0: Ball 1-0: Ball 2-0: Ball 3-0: Called Strike 3-1: Grounds into double play, 4-6-3 (Groundball, 34, EV 106.9 MPH)
|
| Top of the 4th over - 2 runs, 3 hits, 2 errors, 1 left on base; West Michigan 3 - Cedar Rapids 1 |
| BOTTOM OF THE 4TH |
|
Cedar Rapids Kernels batting - Pitching for West Michigan Whitecaps : RHP Jorge Castaneda
|
|
Batting: LHB Tomas Espino
|
0-0: Called Strike 0-1: Ball 1-1: Fly out, F7 (Flyball, 7D, EV 100.0 MPH)
|
|
Batting: RHB Mike Buchanan
|
0-0: Ground out 5-3 (Groundball, 56S, EV 72.5 MPH)
|
|
Batting: SHB Chris Hull
|
0-0: Called Strike 0-1: Called Strike 0-2: Ball 1-2: Ball 2-2: Ball 3-2: Base on Balls
|
|
Batting: RHB Ruben Serrata
|
0-0: Ground out 3-1 (Groundball, 34, EV 85.6 MPH)
|
| Bottom of the 4th over - 0 runs, 0 hits, 0 errors, 1 left on base; West Michigan 3 - Cedar Rapids 1 |
| TOP OF THE 5TH |
|
West Michigan Whitecaps batting - Pitching for Cedar Rapids Kernels : RHP Felix Perez
|
|
Batting: LHB Nick Nino
|
0-0: Ball 1-0: Called Strike 1-1: Ball 2-1: Ball 3-1: Called Strike 3-2: SINGLE (Groundball, 4M, EV 100.6 MPH) (infield hit)
|
|
Batting: RHB Janne Vihko
|
0-0: Ball Nick Nino is caught stealing 2nd base 2-4 1-0: Ball 2-0: Foul Ball, location: 2F 2-1: Ground out 6-3 (Groundball, 6, EV 106.2 MPH)
|
|
Batting: RHB Tanner Purchase
|
0-0: Ball 1-0: Foul Ball, location: 2F 1-1: Ball 2-1: Ball 3-1: Base on Balls
|
|
Batting: RHB Ernst Meloche
|
0-0: Ball Tanner Purchase steals 2nd base 1-0: Ball 2-0: Called Strike 2-1: Foul Ball, location: 2F 2-2: Strikes out swinging
|
| Top of the 5th over - 0 runs, 1 hit, 0 errors, 1 left on base; West Michigan 3 - Cedar Rapids 1 |
| BOTTOM OF THE 5TH |
|
Cedar Rapids Kernels batting - Pitching for West Michigan Whitecaps : RHP Jorge Castaneda
|
|
Batting: RHB Steve Terrell
|
0-0: Ball 1-0: Fly out, F8 (Flyball, 89M, EV 95.6 MPH)
|
|
Batting: RHB Jose Gracia
|
0-0: Ball 1-0: DOUBLE (Flyball, 89D, EV 110.6 MPH)
|
|
Batting: RHB Jeremy Witt
|
0-0: Called Strike 0-1: Swinging Strike 0-2: Ball 1-2: Ball 2-2: Foul Ball, location: 2F 2-2: Strikes out looking
|
|
Batting: RHB Tim Carter
|
0-0: Foul Ball, location: 2F 0-1: Swinging Strike 0-2: Ball 1-2: Foul Ball, location: 2F 1-2: Ball 2-2: Foul Ball, location: 2F 2-2: Strikes out looking
|
| Bottom of the 5th over - 0 runs, 1 hit, 0 errors, 1 left on base; West Michigan 3 - Cedar Rapids 1 |
| TOP OF THE 6TH |
|
West Michigan Whitecaps batting - Pitching for Cedar Rapids Kernels : RHP Felix Perez
|
|
Pitching: RHP Pat Adams
|
|
|
Batting: LHB Jamie Christian
|
0-0: Called Strike 0-1: Ball 1-1: Foul Ball, location: 2F 1-2: Ground out 6-3 (Groundball, 6, EV 85.6 MPH)
|
|
Batting: RHB Joel Miller
|
0-0: Called Strike 0-1: Ball 1-1: Ball 2-1: Ball 3-1: Fly out, F9 (Flyball, 9, EV 78.8 MPH)
|
|
Batting: RHB Norm Wood
|
0-0: Called Strike 0-1: Ball 1-1: Ball 2-1: Foul Ball, location: 2F 2-2: DOUBLE (Line Drive, 8RXD, EV 108.1 MPH)
|
|
Batting: RHB Keith Hoffman
|
0-0: Ball 1-0: Swinging Strike 1-1: Called Strike 1-2: Foul Ball, location: 2F 1-2: Fly out, F8 (Flyball, 8RS, EV 89.4 MPH)
|
| Top of the 6th over - 0 runs, 1 hit, 0 errors, 1 left on base; West Michigan 3 - Cedar Rapids 1 |
| BOTTOM OF THE 6TH |
|
Cedar Rapids Kernels batting - Pitching for West Michigan Whitecaps : RHP Jorge Castaneda
|
|
Batting: RHB Kevin Harris
|
0-0: Swinging Strike 0-1: Ground out 6-3 (Groundball, 6MS, EV 93.8 MPH)
|
|
Batting: LHB Tomas Espino
|
0-0: Called Strike 0-1: Foul Ball, location: 2F 0-2: Foul Ball, location: 2F 0-2: Strikes out swinging, 2-3 out at first.
|
|
Batting: RHB Mike Buchanan
|
0-0: Ball 1-0: Ground out 5-3 (Groundball, 56, EV 83.1 MPH)
|
| Bottom of the 6th over - 0 runs, 0 hits, 0 errors, 0 left on base; West Michigan 3 - Cedar Rapids 1 |
| TOP OF THE 7TH |
|
West Michigan Whitecaps batting - Pitching for Cedar Rapids Kernels : RHP Pat Adams
|
|
Pitching: RHP Danny Lucero
|
|
|
Batting: SHB Chris Wagler
|
0-0: Ball 1-0: Hit by Pitch
|
|
Batting: LHB Nick Nino
|
0-0: Bunt missed! 0-1: Ball 1-1: Bunt missed! 1-2: Fly out, F1 (Line Drive, P, EV 66.2 MPH) Lined into DP, 1-3 (Line Drive, P, EV 67.5 MPH)
|
|
Batting: RHB Janne Vihko
|
0-0: Called Strike 0-1: DOUBLE (Flyball, 89D, EV 103.8 MPH)
|
|
Batting: RHB Tanner Purchase
|
0-0: Ball 1-0: Fly out, F8 (Flyball, 8RM, EV 91.9 MPH)
|
| Top of the 7th over - 0 runs, 1 hit, 0 errors, 1 left on base; West Michigan 3 - Cedar Rapids 1 |
| BOTTOM OF THE 7TH |
|
Cedar Rapids Kernels batting - Pitching for West Michigan Whitecaps : RHP Jorge Castaneda
|
|
Batting: SHB Chris Hull
|
0-0: Ball 1-0: Swinging Strike 1-1: Called Strike 1-2: Ball 2-2: Foul Ball, location: 2F 2-2: DOUBLE (Line Drive, 89D, EV 105.0 MPH)
|
|
Batting: RHB Ruben Serrata
|
0-0: Ball 1-0: SINGLE (Groundball, 6M, EV 85.0 MPH) (infield hit) Chris Hull to third
|
|
Batting: RHB Steve Terrell
|
0-0: Ball 1-0: Ball 2-0: SINGLE (Line Drive, 34D, EV 98.1 MPH) Chris Hull scores Ruben Serrata to second
|
|
Pitching: RHP Rick Young
|
|
|
Batting: RHB Jose Gracia
|
0-0: Fly out, F6 (Popup, 4M, EV 68.8 MPH)
|
|
Batting: RHB Jeremy Witt
|
0-0: Called Strike Ruben Serrata is caught stealing 3rd base 2-5 0-1: Ball 1-1: Called Strike 1-2: Ball 2-2: Ground out 4-3 (Groundball, 4, EV 80.6 MPH)
|
| Bottom of the 7th over - 1 run, 3 hits, 0 errors, 1 left on base; West Michigan 3 - Cedar Rapids 2 |
| TOP OF THE 8TH |
|
West Michigan Whitecaps batting - Pitching for Cedar Rapids Kernels : RHP Danny Lucero
|
|
Pitching: LHP Josh Armstrong
|
|
|
Batting: RHB Ernst Meloche
|
0-0: Called Strike 0-1: Called Strike 0-2: Strikes out looking
|
|
Batting: LHB Jamie Christian
|
0-0: Ball 1-0: Called Strike 1-1: DOUBLE (Line Drive, 7LM, EV 108.8 MPH)
|
|
Batting: RHB Joel Miller
|
0-0: Ball 1-0: Fly out, F9 (Flyball, 9LS, EV 73.1 MPH)
|
|
Batting: RHB Norm Wood
|
0-0: Ball 1-0: Swinging Strike 1-1: SINGLE (Groundball, 56S, EV 65.0 MPH) (infield hit) Jamie Christian to third
|
|
Batting: RHB Keith Hoffman
|
0-0: Ball 1-0: Ground out 5-3 (Groundball, 5S, EV 70.6 MPH)
|
| Top of the 8th over - 0 runs, 2 hits, 0 errors, 2 left on base; West Michigan 3 - Cedar Rapids 2 |
| BOTTOM OF THE 8TH |
|
Cedar Rapids Kernels batting - Pitching for West Michigan Whitecaps : RHP Rick Young
|
|
Batting: RHB Tim Carter
|
0-0: Ball 1-0: Foul Ball, location: 2F 1-1: Ground out 6-3 (Groundball, 56, EV 90.0 MPH)
|
|
Batting: RHB Kevin Harris
|
0-0: SINGLE (Groundball, 4MD, EV 97.5 MPH)
|
|
Batting: LHB Tomas Espino
|
0-0: Ball 1-0: Ball 2-0: Called Strike 2-1: Ball 3-1: Base on Balls Kevin Harris to second
|
|
Batting: RHB Mike Buchanan
|
0-0: Ball 1-0: Ball 2-0: Ball 3-0: Called Strike 3-1: Called Strike 3-2: SINGLE (Line Drive, 34D, EV 98.1 MPH) Kevin Harris to third Tomas Espino to second
|
|
Batting: SHB Chris Hull
|
0-0: Ball 1-0: Swinging Strike 1-1: Ball 2-1: Foul Ball, location: 2F 2-2: Ball 3-2: Base on Balls Kevin Harris scores Tomas Espino to third Mike Buchanan to second
|
|
Batting: RHB Ruben Serrata
|
0-0: Ball 1-0: Fly out, F8 (Line Drive, 8RS, EV 93.1 MPH)
|
|
Batting: RHB Steve Terrell
|
0-0: Called Strike 0-1: Ball 1-1: Fly out, F8 (Line Drive, 8LM, EV 94.4 MPH)
|
| Bottom of the 8th over - 1 run, 2 hits, 0 errors, 3 left on base; West Michigan 3 - Cedar Rapids 3 |
| TOP OF THE 9TH |
|
West Michigan Whitecaps batting - Pitching for Cedar Rapids Kernels : LHP Josh Armstrong
|
|
Pitching: RHP Cody Bryant
|
|
|
Batting: SHB Chris Wagler
|
0-0: Called Strike 0-1: Foul Ball, location: 2F 0-2: Ball 1-2: Ball 2-2: Strikes out swinging
|
|
Batting: LHB Nick Nino
|
0-0: Called Strike 0-1: Swinging Strike 0-2: Foul Ball, location: 2F 0-2: Ball 1-2: Ball 2-2: Ball 3-2: Foul Ball, location: 2F 3-2: Fly out, F8 (Flyball, 78S, EV 83.1 MPH)
|
|
Pinch Hitting: LHB Jon Frederick
|
0-0: Called Strike 0-1: Foul Ball, location: 2F 0-2: Foul Ball, location: 2F 0-2: Ball 1-2: Ball 2-2: Ball 3-2: Foul Ball, location: 2F 3-2: Foul Ball, location: 2F 3-2: Base on Balls
|
|
Pinch Hitting: LHB Antonio Luis
|
0-0: Ball Jon Frederick is caught stealing 2nd base 2-6
|
| Top of the 9th over - 0 runs, 0 hits, 0 errors, 0 left on base; West Michigan 3 - Cedar Rapids 3 |
| BOTTOM OF THE 9TH |
|
Cedar Rapids Kernels batting - Pitching for West Michigan Whitecaps : RHP Rick Young
|
|
Pitching: RHP Kyle Moore
|
|
|
Now in LF: Jon Frederick
|
|
|
Now in CF: Jose Evangelista
|
|
|
Batting: RHB Jose Gracia
|
0-0: Fly out, F4 (Line Drive, 4D, EV 71.9 MPH)
|
|
Batting: RHB Jeremy Witt
|
0-0: Ball 1-0: Foul Ball, location: 2F 1-1: Ball 2-1: Foul Ball, location: 2F 2-2: Ground out 4-3 (Groundball, 4M, EV 89.4 MPH)
|
|
Batting: RHB Tim Carter
|
0-0: Called Strike 0-1: Ball 1-1: Foul Ball, location: 2F 1-2: Strikes out looking
|
| Bottom of the 9th over - 0 runs, 0 hits, 0 errors, 0 left on base; West Michigan 3 - Cedar Rapids 3 |
| TOP OF THE 10TH |
|
West Michigan Whitecaps batting - Pitching for Cedar Rapids Kernels : RHP Cody Bryant
|
|
Batting: RHB Jose Evangelista
|
0-0: Called Strike 0-1: Fly out, F8 (Flyball, 78S, EV 88.8 MPH)
|
|
Batting: RHB Ernst Meloche
|
0-0: Called Strike 0-1: Swinging Strike 0-2: Ground out 5-3 (Groundball, 56, EV 83.8 MPH)
|
|
Batting: LHB Jamie Christian
|
0-0: Ball 1-0: Foul Ball, location: 2F 1-1: Called Strike 1-2: Ground out 4-3 (Groundball, 4, EV 105.6 MPH)
|
| Top of the 10th over - 0 runs, 0 hits, 0 errors, 0 left on base; West Michigan 3 - Cedar Rapids 3 |
| BOTTOM OF THE 10TH |
|
Cedar Rapids Kernels batting - Pitching for West Michigan Whitecaps : RHP Kyle Moore
|
|
Batting: RHB Kevin Harris
|
0-0: Ball 1-0: Ground out 5-3 (Groundball, 56, EV 93.1 MPH)
|
|
Batting: LHB Tomas Espino
|
0-0: Ball 1-0: Foul Ball, location: 2F 1-1: Ground out 5-3 (Groundball, 56, EV 102.5 MPH)
|
|
Batting: RHB Mike Buchanan
|
0-0: Foul Ball, location: 2F 0-1: DOUBLE (Line Drive, 9LD, EV 104.4 MPH)
|
|
Batting: SHB Chris Hull
|
0-0: Intentional Walk
|
|
Batting: RHB Ruben Serrata
|
0-0: Called Strike 0-1: Called Strike 0-2: Strikes out swinging
|
| Bottom of the 10th over - 0 runs, 1 hit, 0 errors, 2 left on base; West Michigan 3 - Cedar Rapids 3 |
| TOP OF THE 11TH |
|
West Michigan Whitecaps batting - Pitching for Cedar Rapids Kernels : RHP Cody Bryant
|
|
Batting: RHB Joel Miller
|
0-0: Foul Ball, location: 2F 0-1: Swinging Strike 0-2: Ball 1-2: Hit by Pitch
|
|
Batting: RHB Norm Wood
|
0-0: Ball Joel Miller steals 2nd base 1-0: Foul Ball, location: 2F 1-1: SINGLE (Groundball, 4D, EV 106.9 MPH) Joel Miller to third
|
|
Batting: RHB Keith Hoffman
|
0-0: Ball 1-0: Called Strike 1-1: Foul Ball, location: 2F 1-2: Foul Ball, location: 2F 1-2: Ball 2-2: SINGLE (Flyball, 7LS, EV 99.4 MPH) Joel Miller scores Norm Wood to second
|
|
Batting: SHB Chris Wagler
|
0-0: Called Strike 0-1: Foul Ball, location: 2F 0-2: Strikes out swinging
|
|
Batting: LHB Nick Nino
|
0-0: Foul Ball, location: 2F 0-1: Ball 1-1: Ball Norm Wood steals 3rd base Keith Hoffman to second 2-1: SINGLE (Groundball, 4D, EV 105.0 MPH) Norm Wood scores Keith Hoffman to third
|
|
Batting: LHB Jon Frederick
|
0-0: Called Strike 0-1: Called Strike Nick Nino steals 2nd base 0-2: Ball 1-2: Ball 2-2: Strikes out looking
|
|
Pitching: RHP Scot Abbott
|
|
|
Batting: RHB Jose Evangelista
|
0-0: Ball 1-0: Fly out, F9 (Flyball, 9LS, EV 84.4 MPH)
|
| Top of the 11th over - 2 runs, 3 hits, 0 errors, 2 left on base; West Michigan 5 - Cedar Rapids 3 |
| BOTTOM OF THE 11TH |
|
Cedar Rapids Kernels batting - Pitching for West Michigan Whitecaps : RHP Kyle Moore
|
|
Batting: RHB Steve Terrell
|
0-0: Foul Ball, location: 2F 0-1: Ball 1-1: Foul Ball, location: 2F 1-2: Strikes out looking
|
|
Batting: RHB Jose Gracia
|
0-0: Ground out 6-3 (Groundball, 6, EV 89.4 MPH)
|
|
Batting: RHB Jeremy Witt
|
0-0: Ball 1-0: Foul Ball, location: 2F 1-1: Called Strike 1-2: Ground out 6-3 (Groundball, 6, EV 83.8 MPH)
|
| Bottom of the 11th over - 0 runs, 0 hits, 0 errors, 0 left on base; West Michigan 5 - Cedar Rapids 3 |
|